3L
NORTHERN VIRGINIA RETRIEVERS @ LONE STAR BC
09/01/2019
 
TOP OF THE 1ST
Northern Virginia Retrievers batting - Pitching for Lone Star BC : RHP Brian Wheeler
Pitching: RHP Brian Wheeler
Batting: RHB Ed Anderson 0-0: Called Strike
0-1: Swinging Strike
0-2: Strikes out swinging
Batting: LHB Ye Der 0-0: SINGLE (Groundball, 5D)
Batting: LHB Roberto Salazar 0-0: Grounds into double play, 4-6-3 (Groundball, 4)
Top of the 1st over - 0 run(s), 1 hit(s), 0 error(s), 0 left on base; Northern Virginia 0 - Lone Star 0
BOTTOM OF THE 1ST
Lone Star BC batting - Pitching for Northern Virginia Retrievers : RHP Alfredo Trejo
Pitching: RHP Alfredo Trejo
Batting: LHB William Wise 0-0: Fly out, F8 (Flyball, 8RD)
Batting: SHB Leonard O'Connor 0-0: Ground out U3 (Groundball, 3)
Batting: RHB Luis Mendoza 0-0: Ball
1-0: Ball
2-0: Ball
3-0: Called Strike
3-1: Base on Balls
Batting: SHB Virgil Eberle Pickoff Throw to First - Out!
Bottom of the 1st over - 0 run(s), 0 hit(s), 0 error(s), 0 left on base; Northern Virginia 0 - Lone Star 0
TOP OF THE 2ND
Northern Virginia Retrievers batting - Pitching for Lone Star BC : RHP Brian Wheeler
Batting: LHB John Robertson 0-0: Called Strike
0-1: Foul Ball, location: 2F
0-2: Ball
1-2: Ball
2-2: Strikes out swinging
Batting: LHB Rick Watson 0-0: Called Strike
0-1: Ball
1-1: Ground out 4-3 (Groundball, 4)
Batting: RHB Kurt Chappell 0-0: Called Strike
0-1: Foul Ball, location: 2F
0-2: Ball
1-2: Ball
2-2: Ball
3-2: Base on Balls
Batting: RHB Donald Stanley 0-0: Foul Ball, location: 2F
0-1: Called Strike
0-2: SINGLE (Groundball, 5S)
Kurt Chappell to second
Batting: LHB Vance Cannon 0-0: Fly out, F8 (Popup, 8RS)
Top of the 2nd over - 0 run(s), 1 hit(s), 0 error(s), 2 left on base; Northern Virginia 0 - Lone Star 0
BOTTOM OF THE 2ND
Lone Star BC batting - Pitching for Northern Virginia Retrievers : RHP Alfredo Trejo
Batting: SHB Virgil Eberle 0-0: Foul Ball, location: 2F
0-1: Fly out, F9 (Flyball, 89D)
Batting: RHB Steve Dunn 0-0: Ball
1-0: Swinging Strike
1-1: Foul Ball, location: 2F
1-2: Strikes out swinging
Batting: RHB Nathan Clay 0-0: Called Strike
0-1: Called Strike
0-2: SINGLE (Line Drive, 34)
Batting: RHB Brian Williams 0-0: Ball
1-0: Fly out, F8 (Flyball, 8RD)
Bottom of the 2nd over - 0 run(s), 1 hit(s), 0 error(s), 1 left on base; Northern Virginia 0 - Lone Star 0
TOP OF THE 3RD
Northern Virginia Retrievers batting - Pitching for Lone Star BC : RHP Brian Wheeler
Batting: RHB Alfredo Trejo 0-0: Ball
1-0: Ball
2-0: Called Strike
2-1: Foul Ball, location: 2F
2-2: Foul Ball, location: 2F
2-2: Ground out 6-3 (Groundball, 6MS)
Batting: RHB Ed Anderson 0-0: Ball
1-0: DOUBLE (Flyball, 89D)
Batting: LHB Ye Der 0-0: Called Strike
0-1: Ground out 4-3 (Groundball, 4M)
Ed Anderson to third
Batting: LHB Roberto Salazar 0-0: Called Strike
0-1: Called Strike
0-2: Strikes out swinging
Top of the 3rd over - 0 run(s), 1 hit(s), 0 error(s), 1 left on base; Northern Virginia 0 - Lone Star 0
BOTTOM OF THE 3RD
Lone Star BC batting - Pitching for Northern Virginia Retrievers : RHP Alfredo Trejo
Batting: LHB Brian Wheeler 0-0: Ball
1-0: Foul Ball, location: 2F
1-1: Ball
2-1: Ground out 4-3 (Groundball, 4)
Batting: RHB Soseki Matsunaga 0-0: Ball
1-0: Ball
2-0: Ball
3-0: Base on Balls
Batting: LHB William Wise 0-0: Ball
1-0: Ground out U3 (Groundball, 3S)
Soseki Matsunaga to second
Batting: SHB Leonard O'Connor 0-0: Ball
1-0: SINGLE (Groundball, 34D) (infield hit)
Soseki Matsunaga to third
Batting: RHB Luis Mendoza 0-0: Ball
1-0: Ball
2-0: Ball
3-0: Foul Ball, location: 2F
3-1: Base on Balls
Leonard O'Connor to second
Batting: SHB Virgil Eberle 0-0: SINGLE (Groundball, 13) (infield hit)
Soseki Matsunaga scores
Leonard O'Connor to third
Luis Mendoza to second
Batting: RHB Steve Dunn 0-0: Ball
1-0: Foul Ball, location: 2F
1-1: Ball
2-1: Swinging Strike
2-2: Strikes out looking
Bottom of the 3rd over - 1 run(s), 2 hit(s), 0 error(s), 3 left on base; Northern Virginia 0 - Lone Star 1
TOP OF THE 4TH
Northern Virginia Retrievers batting - Pitching for Lone Star BC : RHP Brian Wheeler
Batting: LHB John Robertson 0-0: Foul Ball, location: 2F
0-1: Ball
1-1: Ground out 4-3 (Groundball, 4)
Batting: LHB Rick Watson 0-0: Ball
1-0: Called Strike
1-1: Ball
2-1: Ball
3-1: Called Strike
3-2: Base on Balls
Batting: RHB Kurt Chappell 0-0: Called Strike
0-1: SINGLE (Groundball, 4MD)
Rick Watson to second
Batting: RHB Donald Stanley 0-0: Ball
1-0: Called Strike
1-1: Swinging Strike
1-2: Fly out, F8 (Flyball, 8LD)
Runner from 2nd tags up, SAFE at 3rd, no throw
Batting: LHB Vance Cannon 0-0: Ball
1-0: Swinging Strike
1-1: Ball
2-1: Foul Ball, location: 2F
2-2: Foul Ball, location: 2F
2-2: Strikes out swinging
Top of the 4th over - 0 run(s), 1 hit(s), 0 error(s), 2 left on base; Northern Virginia 0 - Lone Star 1
BOTTOM OF THE 4TH
Lone Star BC batting - Pitching for Northern Virginia Retrievers : RHP Alfredo Trejo
Batting: RHB Nathan Clay 0-0: Ball
1-0: Ball
2-0: Ball
3-0: Base on Balls
Batting: RHB Brian Williams 0-0: 2-RUN HOME RUN (Flyball, 7LD), Distance : 329 ft
Batting: LHB Brian Wheeler 0-0: Called Strike
0-1: Ball
1-1: Ball
2-1: Called Strike
2-2: Ball
3-2: Fly out, F8 (Flyball, 8LS)
Batting: RHB Soseki Matsunaga 0-0: Swinging Strike
0-1: Ball
1-1: Called Strike
1-2: Ball
2-2: Fly out, F7 (Flyball, 7M)
Batting: LHB William Wise 0-0: Ground out 6-3 (Groundball, 6M)
Bottom of the 4th over - 2 run(s), 1 hit(s), 0 error(s), 0 left on base; Northern Virginia 0 - Lone Star 3
TOP OF THE 5TH
Northern Virginia Retrievers batting - Pitching for Lone Star BC : RHP Brian Wheeler
Batting: RHB Alfredo Trejo 0-0: Called Strike
0-1: Ball
1-1: Swinging Strike
1-2: Strikes out swinging
Batting: RHB Ed Anderson 0-0: Fly out, F3 (Popup, 3S)
Batting: LHB Ye Der 0-0: Foul Ball, location: 2F
0-1: Ball
1-1: Swinging Strike
1-2: Strikes out swinging
Top of the 5th over - 0 run(s), 0 hit(s), 0 error(s), 0 left on base; Northern Virginia 0 - Lone Star 3
BOTTOM OF THE 5TH
Lone Star BC batting - Pitching for Northern Virginia Retrievers : RHP Alfredo Trejo
Batting: SHB Leonard O'Connor 0-0: Ball
1-0: Foul Ball, location: 2F
1-1: Ball
2-1: Ground out 4-3 (Groundball, 4)
Batting: RHB Luis Mendoza 0-0: Ball
1-0: Swinging Strike
1-1: Swinging Strike
1-2: Ball
2-2: Strikes out swinging
Batting: SHB Virgil Eberle 0-0: Foul Ball, location: 2F
0-1: Ball
1-1: Swinging Strike
1-2: Ball
2-2: SINGLE (Line Drive, 7S)
Batting: RHB Steve Dunn 0-0: Called Strike
0-1: Ball
1-1: Ball
2-1: Ball
3-1: SINGLE (Line Drive, 78S)
Virgil Eberle to second
Batting: RHB Nathan Clay 0-0: Called Strike
0-1: Ball
1-1: Ball
2-1: Foul Ball, location: 2F
2-2: Foul Ball, location: 2F
2-2: Strikes out looking
Bottom of the 5th over - 0 run(s), 2 hit(s), 0 error(s), 2 left on base; Northern Virginia 0 - Lone Star 3
TOP OF THE 6TH
Northern Virginia Retrievers batting - Pitching for Lone Star BC : RHP Brian Wheeler
Batting: LHB Roberto Salazar 0-0: Called Strike
0-1: Ball
1-1: Ball
2-1: Foul Ball, location: 2F
2-2: Foul Ball, location: 2F
2-2: Fly out, F7 (Line Drive, 7D)
Batting: LHB John Robertson 0-0: Ball
1-0: Ball
2-0: Called Strike
2-1: Called Strike
2-2: Foul Ball, location: 2F
2-2: Ground out U3 (Groundball, 3S)
Batting: LHB Rick Watson 0-0: Ball
1-0: Swinging Strike
1-1: Foul Ball, location: 2F
1-2: Ground out 4-3 (Groundball, 34)
Top of the 6th over - 0 run(s), 0 hit(s), 0 error(s), 0 left on base; Northern Virginia 0 - Lone Star 3
BOTTOM OF THE 6TH
Lone Star BC batting - Pitching for Northern Virginia Retrievers : RHP Alfredo Trejo
Batting: RHB Brian Williams 0-0: Called Strike
0-1: Fly out, F8 (Line Drive, 8RD)
Pinch Hitting: LHB Gregory Johnson 0-0: Fly out, F9 (Flyball, 9M)
Batting: RHB Soseki Matsunaga 0-0: Ball
1-0: Ball
2-0: Ball
3-0: Base on Balls
Batting: LHB William Wise 0-0: Ball
1-0: Called Strike
1-1: Called Strike
1-2: Strikes out swinging
Bottom of the 6th over - 0 run(s), 0 hit(s), 0 error(s), 1 left on base; Northern Virginia 0 - Lone Star 3
TOP OF THE 7TH
Northern Virginia Retrievers batting - Pitching for Lone Star BC : RHP Brian Wheeler
Pitching: RHP Esteban Arroyo
Batting: RHB Kurt Chappell 0-0: Called Strike
0-1: Ground out 6-3 (Groundball, 6M)
Batting: RHB Donald Stanley 0-0: Foul Ball, location: 2F
0-1: Called Strike
Reached via error on a dropped throw, E3
Batting: LHB Vance Cannon 0-0: Ball
1-0: Called Strike
1-1: Foul Ball, location: 2F
1-2: Ball
2-2: Ball
3-2: Foul Ball, location: 2F
3-2: Foul Ball, location: 2F
3-2: Grounds into double play, 4-6-3 (Groundball, 4)
Top of the 7th over - 0 run(s), 0 hit(s), 1 error(s), 0 left on base; Northern Virginia 0 - Lone Star 3
BOTTOM OF THE 7TH
Lone Star BC batting - Pitching for Northern Virginia Retrievers : RHP Alfredo Trejo
Batting: SHB Leonard O'Connor 0-0: Ball
1-0: Ball
2-0: Ground out 4-3 (Groundball, 4)
Batting: RHB Luis Mendoza 0-0: Ball
1-0: Fly out, F6 (Line Drive, 6)
Batting: SHB Virgil Eberle 0-0: Called Strike
0-1: Ball
1-1: Ball
2-1: Fly out, F8 (Flyball, 8LD)
Bottom of the 7th over - 0 run(s), 0 hit(s), 0 error(s), 0 left on base; Northern Virginia 0 - Lone Star 3
TOP OF THE 8TH
Northern Virginia Retrievers batting - Pitching for Lone Star BC : RHP Esteban Arroyo
Pinch Hitting: RHB Shi-young Chang 0-0: Called Strike
0-1: Foul Ball, location: 2F
0-2: Hit by Pitch
Pitching: RHP Burt Booth
Batting: RHB Ed Anderson 0-0: Called Strike
0-1: Foul Ball, location: 2F
0-2: Fly out, F8 (Flyball, 8RD)
Batting: LHB Ye Der 0-0: SINGLE (Groundball, 4M)
Shi-young Chang to second
Pitching: LHP Katai Ichikawa
Batting: LHB Roberto Salazar 0-0: Ball
1-0: Called Strike
1-1: Ball
2-1: Ball
3-1: Reached on error, E6 (Groundball, 6)
Shi-young Chang to third
Ye Der to second
Pitching: RHP Denny Marshall
Batting: LHB John Robertson 0-0: Fly out, F8 (Flyball, 8RXD)
Runner from 3rd tags up, SCORES, no throw
Ye Der to third
Batting: LHB Rick Watson 0-0: Ball
1-0: Fly out, F8 (Flyball, 8LD)
Top of the 8th over - 1 run(s), 1 hit(s), 1 error(s), 2 left on base; Northern Virginia 1 - Lone Star 3
BOTTOM OF THE 8TH
Lone Star BC batting - Pitching for Northern Virginia Retrievers : RHP Alfredo Trejo
Pitching: RHP Jim Roberts
Batting: RHB Steve Dunn 0-0: Called Strike
0-1: Ball
1-1: Ball
2-1: Foul Ball, location: 2F
2-2: Ball
3-2: Foul Ball, location: 2F
3-2: Base on Balls
Batting: RHB Nathan Clay 0-0: Ball
1-0: Called Strike
1-1: Swinging Strike
1-2: Foul Ball, location: 2F
1-2: Foul Ball, location: 2F
1-2: Strikes out swinging
Batting: RHB Brian Williams 0-0: Foul Ball, location: 2F
0-1: Foul Ball, location: 2F
0-2: Strikes out swinging
Pinch Hitting: RHB Vicente Toro 0-0: Called Strike
0-1: Fielders Choice at 2nd, 6-4 (Groundball, 56)
Bottom of the 8th over - 0 run(s), 0 hit(s), 0 error(s), 0 left on base; Northern Virginia 1 - Lone Star 3
TOP OF THE 9TH
Northern Virginia Retrievers batting - Pitching for Lone Star BC : RHP Denny Marshall
Pitching: RHP Bill Schneider
Batting: RHB Kurt Chappell 0-0: Ball
1-0: SINGLE (Groundball, 6MD)
Batting: RHB Donald Stanley 0-0: Foul Ball, location: 2F
0-1: Called Strike
0-2: Ball
1-2: Ball
2-2: Ball
3-2: Base on Balls
Kurt Chappell to second
Pinch Runner at 2nd Roger Lakes:
Batting: LHB Vance Cannon 0-0: Ball
1-0: Called Strike
1-1: Swinging Strike
1-2: Ball
2-2: Foul Ball, location: 2F
2-2: SINGLE (Line Drive, 9S)
Roger Lakes to third
Donald Stanley to second
Pinch Hitting: RHB Christian O'Neal 0-0: Swinging Strike
0-1: Ball
1-1: Swinging Strike
1-2: Ball
2-2: Fly out, F5 (Popup, 5F)
Batting: RHB Ed Anderson 0-0: Ball
1-0: Ball
2-0: Foul Ball, location: 2F
2-1: Fly out, F8 (Flyball, 8LM)
Runner from 3rd tags up, SCORES, no throw
Batting: LHB Ye Der 0-0: Called Strike
0-1: Ball
1-1: Foul Ball, location: 2F
1-2: Ball
2-2: Fly out, F7 (Flyball, 7LM)
Top of the 9th over - 1 run(s), 2 hit(s), 0 error(s), 2 left on base; Northern Virginia 2 - Lone Star 3
This league is powered by Out of the Park Baseball, the baseball management simulation game for PC, Mac and Linux
Saturday, July 25th, 2015 - OOTP Baseball 15.6 Build 34